AoeStats
← luciano.collari

MegaRandom

509938009Analyzed
2v2 RM · 3d ago on Sep 28, 2026· 47m 43s· 4 players
Game mode
Random Map
Map size
Medium (4 player)
Population
200
Speed
Normal
Resources
Standard
Victory
Conquest
Starting age
Dark Age
Ending age
Imperial Age
RankedLock teamsTeams togetherTeam positionsShared explorationLock speedFull tech treeHidden civsTurbo modeCheats
Victory
Defeat
🇹🇷 Britons · Türkiye
1470
+10
🇦🇷 Byzantines · Argentina
1393
+14
🇺🇸 Maya · United States
1340
-12
🇨🇱 Mongols · Chile
1332
-12
dl_cucga
luciano.collari
9:34 Feudal Age
10:53 Loom
17:53 Castle Age
15:55 Double-Bit Axe
24:20 Scale Barding Armor
24:34 Bloodlines
25:29 Forging
28:21 Chain Barding Armor
28:42 Devotion
37:44 Wheelbarrow
41:21 Imperial Age
39:42 Fletching
40:32 Bodkin Arrow
41:28 Padded Archer Armor
42:01 Husbandry
41:32 Light Cavalry
44:13 Chemistry
43:26 Bracer
46:27 Iron Casting
46:20 Bow Saw
Arda Asar
5:23 Loom
10:14 Feudal Age
10:30 Feudal Age
16:53 Castle Age
16:42 Double-Bit Axe
16:39 Horse Collar
18:17 Wheelbarrow
17:29 Town Watch
20:09 Heavy Plow
22:52 Gold Mining
28:17 Bow Saw
28:26 Stone Mining
30:20 Fletching
30:51 Hand Cart
31:03 Bodkin Arrow
31:46 Town Patrol
34:50 Gold Shaft Mining
34:47 Yeomen
36:58 Imperial Age
34:33 Padded Archer Armor
34:44 Treadmill Crane
35:00 Murder Holes
35:33 Ballistics
35:09 Murder Holes
35:24 Masonry
36:25 Leather Archer Armor
37:18 Forging
37:13 Scale Barding Armor
37:19 Forging
37:14 Scale Barding Armor
37:23 Fortified Wall
38:00 Conscription
37:01 Elite Longbowman
37:45 Bracer
38:15 Ring Archer Armor
37:52 Scale Barding Armor
38:29 Guilds
39:33 Two-Man Saw
39:16 Onager
41:11 Husbandry
40:32 Cavalier
42:08 Iron Casting
41:53 Chain Barding Armor
42:08 Iron Casting
41:53 Chain Barding Armor
44:09 Blast Furnace
44:19 Warwolf
45:19 Plate Barding Armor
47:32 Chemistry
47:08 Architecture
PapusPopus
Connection lost

Rejoining the realm…

Still unreachable

The connection could not be restored.

Session expired

The server has moved on; the page needs a fresh start.